 Dungeon Crawl Stone Soup version 0.27-a0-1189-gb8eb6cee8e (webtiles) character file.

Game seed: 12390463083600176356

38 Glokmah the Charlatan (level 3, -3/26 HPs)
             Began as a Demonspawn Artificer on May 23, 2021.
             Frozen to death by an endoplasm (5 damage)
             ... on level 1 of the Dungeon.
             The game lasted 00:01:40 (1067 turns).

Glokmah the Charlatan (Demonspawn Artificer)        Turns: 1067, Time: 00:01:41

Health: -3/26      AC:  3    Str: 13    XL:     3   Next: 25%
Magic:  3/3        EV: 11    Int: 12    God:
Gold:   69         SH:  0    Dex: 13    Spells: 2/2 levels left

rFire    . . .     SeeInvis .   a - +0 triple sword
rCold    . . .     Faith    .   (shield currently unavailable)
rNeg     . . .     Spirit   .   b - +0 leather armour
rPois    .         Reflect  .   (helmet restricted)
rElec    .         Harm     .   (no cloak)
rCorr    .         Rampage  .   (no gloves)
Will     .....                  (no boots)
Stlth    +.........             (no amulet)
HPRegen  0.08/turn              (no ring)
MPRegen  0.08/turn              (no ring)

@: no status effects
A: antennae 1, powered by pain 1
a: no special abilities


You were on level 1 of the Dungeon.
You visited 1 branch of the dungeon, and saw 1 of its levels.

You collected 69 gold pieces.

Inventory:

Hand Weapons
 a - a +0 triple sword (weapon)
Armour
 b - a +0 leather armour (worn)
Wands
 c - a wand of flame (15) (quivered)
 d - a wand of charming (15)
Scrolls
 f - a scroll of immolation {unknown}
Miscellaneous
 e - a piece from Xom's chessboard (15/15)


   Skills:
 + Level 1.6 Fighting
 * Level 1.3 Long Blades
 - Level 1.7 Armour
 - Level 0.8 Dodging
 - Level 0.8 Stealth
 * Level 3.6 Evocations


You had 2 spell levels left.
You didn't know any spells.
Your spell library was empty.

Dungeon Overview and Level Annotations

Branches:
Dungeon (1/15)

Altars:


Innate Abilities, Weirdness & Mutations

You have a pair of small antennae on your head.
You sometimes gain a little power by taking damage.


Message History

You kill the jackal!
The jackal barely misses you.
You riposte.
You closely miss the jackal.
The jackal bites you but does no damage.
You barely miss the jackal. The jackal bites you. The jackal misses you.
You riposte.
You closely miss the jackal. You barely miss the jackal.
The jackal barely misses you.
The jackal bites you but does no damage.
The jackal bites you.
You closely miss the jackal. The jackal bites you.
The jackal closely misses you.
You barely miss the jackal. The jackal bites you. The jackal barely misses you.
You riposte.
You slash the jackal!
You kill the jackal!
The endoplasm jiggles.
The endoplasm hits you but does no damage.
You barely miss the endoplasm. The endoplasm freezes you.
You are frozen.
The endoplasm freezes you.
You are frozen.
* * * LOW HITPOINT WARNING * * *
You hit the endoplasm.
The endoplasm is heavily wounded.
The endoplasm freezes you.
You are frozen.
* * * LOW HITPOINT WARNING * * *
You barely miss the endoplasm.
The endoplasm is heavily wounded.
The endoplasm hits you but does no damage.
The endoplasm barely misses you.
You barely miss the endoplasm.
The endoplasm is heavily wounded.
The endoplasm hits you.
* * * LOW HITPOINT WARNING * * *
The endoplasm closely misses you.
You hit the endoplasm but do no damage.
The endoplasm is heavily wounded.
The endoplasm freezes you.
You are frozen.
You die...

#.# #.# #####.....#.###.#.# #.#
#.# #...##.÷#########..
####'#####.# #.#..#.............
.........#.####....'.............
......##.#......##.#.....÷......#
......##.######....#............#
......##.#....#.####........†...#
########.##.########.......)(...#
#......#.†J@.....###########
#...####.######### #...# #. #...#
#. #...# #. #...# #. #...# #.
#...# #. #####


You could see an endoplasm.

Vanquished Creatures
  A gnoll (D:1)
  2 endoplasms (D:1)
  A giant cockroach (D:1)
  3 hobgoblins (D:1)
  8 jackals (D:1)
  A quokka (D:1)
  A ball python (D:1)
  3 bats (D:1)
  A kobold (D:1)
  5 rats (D:1)
26 creatures vanquished.

Notes
Turn   | Place    | Note
-------+----------+-------------------------------------------
     0 | D:1      | Glokmah the Demonspawn Artificer began the quest for the
                  | Orb.
     0 | D:1      | Reached XP level 1. HP: 15/15 MP: 1/1
   340 | D:1      | Gained mutation: You have a pair of small antennae on your
                  | head. [demonic ancestry]
   340 | D:1      | Reached XP level 2. HP: 13/21 MP: 2/2
   672 | D:1      | Reached skill level 1 in Long Blades
   837 | D:1      | Gained mutation: You sometimes gain a little power by
                  | taking damage. [demonic ancestry]
   837 | D:1      | Reached XP level 3. HP: 24/26 MP: 3/3
  1067 | D:1      | Frozen to death by an endoplasm

Illustrated notes

Levels and vault maps discovered:
D:1:      dpeg_arrival_arbitrary_b, layout_basic

Skill      XL: |  1  2 |
---------------+-------+-----
Long Blades    | 1 |  1.3
Fighting       | |  1.6
Armour         | |  1.7
Dodging        | |  0.8
Stealth        | |  0.8
Evocations     | |  3.6

Action                   || total
-------------------------++-------
Melee: Club              ||    17
       Triple sword      ||    49
 Stab: Sleeping          ||     1
Armor: Leather armour    ||    30
Dodge: Dodged            ||    64
       Rpst.: Triple sword ||    13

Table legend: (Time is in decaauts)
 A = Elapsed time spent in this place.
 B = Non-inter-level travel time spent in this place.
 C = Inter-level travel time spent in this place.
 D = Time resting spent in this place.
 E = Time spent auto-exploring this place.
 F = Levels seen in this place.
 G = Mean time per level.
                   A        B        C        D        E       F      G
               +--------+--------+--------+--------+--------+-----+--------+
         Total |   1112 |   1112 |      0 |      0 |    873 |   1 | 1112.0 |
       Dungeon |   1112 |   1112 |      0 |      0 |    873 |   1 | 1112.0 |
               +--------+--------+--------+--------+--------+-----+--------+

Top non-repeatable levels by time:
     D:1: 1112 daAuts
